| TOP OF THE 1ST |
|
Pittsburgh Pirates batting - Pitching for St. Louis Cardinals : LHP Ken Holtzman
|
|
Pitching: LHP Ken Holtzman
|
|
|
Batting: RHB Dan Gladden
|
0-0: Fly out, F8 (Line Drive, 8LD, EV 96.3 MPH)
|
|
Batting: SHB Chili Davis
|
0-0: Ball 1-0: Ground out 4-3 (Groundball, 4, EV 103.1 MPH)
|
|
Batting: RHB Rennie Stennett
|
0-0: Called Strike 0-1: Ball 1-1: Reached on error, E6 (Groundball, 6, EV 105.0 MPH)
|
|
Batting: LHB Robert Lopez
|
0-0: Ball 1-0: Ball 2-0: Foul Ball, location: 2F 2-1: Ball 3-1: Base on Balls Rennie Stennett to second
|
|
Batting: LHB Greg Walker
|
0-0: Ball 1-0: Ball 2-0: Ball 3-0: Foul Ball, location: 2F 3-1: Base on Balls Rennie Stennett to third Robert Lopez to second
|
|
Batting: RHB Mike C Brown
|
0-0: Ball 1-0: Ground out 4-3 (Groundball, 4D, EV 81.9 MPH)
|
| Top of the 1st over - 0 runs, 0 hits, 1 error, 3 left on base; Pittsburgh 0 - St. Louis 0 |
| BOTTOM OF THE 1ST |
|
St. Louis Cardinals batting - Pitching for Pittsburgh Pirates : RHP Rafael Santana
|
|
Pitching: RHP Rafael Santana
|
|
|
Batting: SHB Otis Nixon
|
0-0: SINGLE (Groundball, 56S, EV 66.3 MPH) (infield hit)
|
|
Batting: LHB Jim Gantner
|
0-0: Ball 1-0: Called Strike 1-1: Foul Ball, location: 2F 1-2: Fielders Choice at 2nd, 1-6 (Groundball, 13, EV 66.9 MPH)
|
|
Batting: RHB Sixto Lezcano
|
0-0: Ball 1-0: Fly out, F8 (Line Drive, 8LD, EV 84.4 MPH)
|
|
Batting: LHB Pat Putnam
|
0-0: Ball Jim Gantner steals 2nd base (no throw) 1-0: Called Strike 1-1: Ball 2-1: Foul Ball, location: 2F 2-2: Fly out, F8 (Flyball, 78M, EV 91.9 MPH)
|
| Bottom of the 1st over - 0 runs, 1 hit, 0 errors, 1 left on base; Pittsburgh 0 - St. Louis 0 |
| TOP OF THE 2ND |
|
Pittsburgh Pirates batting - Pitching for St. Louis Cardinals : LHP Ken Holtzman
|
|
Batting: SHB John Shelby
|
0-0: Ball 1-0: Ball 2-0: Ball 3-0: Called Strike 3-1: Base on Balls
|
|
Batting: SHB Ron Oester
|
0-0: Grounds into double play, 5-4-3 (Groundball, 56, EV 94.4 MPH)
|
|
Batting: RHB Rafael Santana
|
0-0: Ball 1-0: Swinging Strike 1-1: Swinging Strike 1-2: Ball 2-2: Ground out 5-3 (Groundball, 56, EV 81.9 MPH)
|
| Top of the 2nd over - 0 runs, 0 hits, 0 errors, 0 left on base; Pittsburgh 0 - St. Louis 0 |
| BOTTOM OF THE 2ND |
|
St. Louis Cardinals batting - Pitching for Pittsburgh Pirates : RHP Rafael Santana
|
|
Batting: RHB Joe Torre
|
0-0: Called Strike 0-1: Ball 1-1: Ball 2-1: Foul Ball, location: 2F 2-2: Ball 3-2: Strikes out looking
|
|
Batting: LHB Mike Davis
|
0-0: Called Strike 0-1: Ball 1-1: Ball 2-1: Called Strike 2-2: SINGLE (Flyball, 7LS, EV 90.6 MPH)
|
|
Batting: RHB Bob Watson
|
0-0: Called Strike Mike Davis steals 2nd base 0-1: Ball 1-1: Foul Ball, location: 2F 1-2: SINGLE (Line Drive, 8LS, EV 107.5 MPH) Mike Davis to third Runner from 3rd tries for Home, SAFE, throw by CF to home
|
|
Batting: SHB Billy E Smith
|
0-0: Fly out, F7 (Flyball, 7LM, EV 93.1 MPH)
|
|
Batting: RHB Ken Holtzman
|
0-0: Foul Ball, location: 2F 0-1: Foul Ball, location: 2F 0-2: Foul Ball, location: 2F 0-2: Fielders Choice at 2nd, 5-4 (Groundball, 56, EV 100.0 MPH)
|
| Bottom of the 2nd over - 1 run, 2 hits, 0 errors, 1 left on base; Pittsburgh 0 - St. Louis 1 |
| TOP OF THE 3RD |
|
Pittsburgh Pirates batting - Pitching for St. Louis Cardinals : LHP Ken Holtzman
|
|
Batting: RHB Dan Gladden
|
0-0: Bunt missed! 0-1: Ball 1-1: Ball 2-1: Ball 3-1: Base on Balls
|
|
Batting: SHB Chili Davis
|
0-0: Ball 1-0: Ball 2-0: Foul Ball, location: 2F 2-1: Grounds into double play, 6-4-3 (Groundball, 6, EV 108.1 MPH)
|
|
Batting: RHB Rennie Stennett
|
0-0: Foul Ball, location: 2F 0-1: Swinging Strike 0-2: SINGLE (Groundball, 6MD, EV 105.6 MPH)
|
|
Batting: LHB Robert Lopez
|
0-0: Ball 1-0: Called Strike 1-1: Ball 2-1: Fly out, F7 (Flyball, 7S, EV 77.5 MPH)
|
| Top of the 3rd over - 0 runs, 1 hit, 0 errors, 1 left on base; Pittsburgh 0 - St. Louis 1 |
| BOTTOM OF THE 3RD |
|
St. Louis Cardinals batting - Pitching for Pittsburgh Pirates : RHP Rafael Santana
|
|
Batting: SHB Otis Nixon
|
0-0: Called Strike 0-1: Called Strike 0-2: Ball 1-2: Ball 2-2: Ground out 3-1 (Groundball, 34, EV 87.5 MPH)
|
|
Batting: LHB Jim Gantner
|
0-0: Ball 1-0: Called Strike 1-1: Called Strike 1-2: Foul Ball, location: 2F 1-2: Ball 2-2: Ball 3-2: Reached on error, E4 (Groundball, 4, EV 86.3 MPH)
|
|
Batting: RHB Sixto Lezcano
|
0-0: Called Strike 0-1: Foul Ball, location: 2F 0-2: Strikes out swinging
|
|
Batting: LHB Pat Putnam
|
0-0: Ball 1-0: Ball 2-0: Called Strike 2-1: Swinging Strike 2-2: Foul Ball, location: 2F 2-2: Strikes out swinging
|
| Bottom of the 3rd over - 0 runs, 0 hits, 1 error, 1 left on base; Pittsburgh 0 - St. Louis 1 |
| TOP OF THE 4TH |
|
Pittsburgh Pirates batting - Pitching for St. Louis Cardinals : LHP Ken Holtzman
|
|
Batting: LHB Greg Walker
|
0-0: SINGLE (Line Drive, 78S, EV 89.4 MPH)
|
|
Batting: RHB Mike C Brown
|
0-0: Ball 1-0: SINGLE (Line Drive, 3D, EV 96.9 MPH) Greg Walker to second Runner from 2nd tries for 3rd, SAFE, throw by RF made to third
|
|
Batting: SHB John Shelby
|
0-0: Foul Ball, location: 2F 0-1: Ball 1-1: Ball 2-1: Fly out, F8 (Flyball, 89D, EV 98.1 MPH) Runner from 3rd tags up, SCORES, throw by CF
|
|
Batting: SHB Ron Oester
|
0-0: Ball 1-0: Ball 2-0: Called Strike 2-1: Grounds into double play, 4-6-3 (Groundball, 4, EV 85.6 MPH)
|
| Top of the 4th over - 1 run, 2 hits, 0 errors, 0 left on base; Pittsburgh 1 - St. Louis 1 |
| BOTTOM OF THE 4TH |
|
St. Louis Cardinals batting - Pitching for Pittsburgh Pirates : RHP Rafael Santana
|
|
Batting: RHB Joe Torre
|
0-0: Called Strike 0-1: Foul Ball, location: 2F 0-2: Ball 1-2: Strikes out swinging
|
|
Batting: LHB Mike Davis
|
0-0: Foul Ball, location: 2F 0-1: Ground out 6-3 (Groundball, 6, EV 78.1 MPH)
|
|
Batting: RHB Bob Watson
|
0-0: Ball 1-0: DOUBLE (Line Drive, 5D, EV 98.8 MPH)
|
|
Batting: SHB Billy E Smith
|
0-0: Intentional Walk
|
|
Batting: RHB Ken Holtzman
|
0-0: Called Strike 0-1: Foul Ball, location: 2F 0-2: Ball 1-2: Ball 2-2: Ball 3-2: Strikes out swinging
|
| Bottom of the 4th over - 0 runs, 1 hit, 0 errors, 2 left on base; Pittsburgh 1 - St. Louis 1 |
| TOP OF THE 5TH |
|
Pittsburgh Pirates batting - Pitching for St. Louis Cardinals : LHP Ken Holtzman
|
|
Batting: RHB Rafael Santana
|
0-0: Called Strike 0-1: Reached on error, E9 (Line Drive, 9, EV 87.5 MPH)
|
|
Batting: RHB Dan Gladden
|
0-0: Called Strike 0-1: Fly out, F7 (Flyball, 7LS, EV 80.6 MPH)
|
|
Batting: SHB Chili Davis
|
0-0: Called Strike 0-1: Ball 1-1: Ball 2-1: 2-RUN HOME RUN (Flyball, 9D, EV 103.8 MPH), Distance : 378 ft
|
|
Batting: RHB Rennie Stennett
|
0-0: Called Strike 0-1: Called Strike 0-2: Fly out, F4 (Popup, 34D, EV 42.5 MPH)
|
|
Batting: LHB Robert Lopez
|
0-0: Ball 1-0: Ball 2-0: Fly out, F8 (Flyball, 78D, EV 89.4 MPH)
|
| Top of the 5th over - 2 runs, 1 hit, 1 error, 0 left on base; Pittsburgh 3 - St. Louis 1 |
| BOTTOM OF THE 5TH |
|
St. Louis Cardinals batting - Pitching for Pittsburgh Pirates : RHP Rafael Santana
|
|
Batting: SHB Otis Nixon
|
0-0: Ball 1-0: Foul Ball, location: 2F 1-1: Ball 2-1: Foul Ball, location: 2F 2-2: Ball 3-2: Foul Ball, location: 2F 3-2: Fly out, F4 (Popup, 3DF, EV 70.6 MPH)
|
|
Batting: LHB Jim Gantner
|
0-0: Foul Ball, location: 2F 0-1: Ball 1-1: SINGLE (Groundball, 3D, EV 95.0 MPH)
|
|
Batting: RHB Sixto Lezcano
|
0-0: Ball 1-0: Called Strike 1-1: SINGLE (Groundball, 56S, EV 66.3 MPH) (infield hit) Jim Gantner to second
|
|
Batting: LHB Pat Putnam
|
0-0: Ball 1-0: Fly out, F8 (Line Drive, 8RM, EV 100.6 MPH)
|
|
Batting: RHB Joe Torre
|
0-0: Swinging Strike 0-1: Swinging Strike 0-2: Strikes out swinging
|
| Bottom of the 5th over - 0 runs, 2 hits, 0 errors, 2 left on base; Pittsburgh 3 - St. Louis 1 |
| TOP OF THE 6TH |
|
Pittsburgh Pirates batting - Pitching for St. Louis Cardinals : LHP Ken Holtzman
|
|
Batting: LHB Greg Walker
|
0-0: Ball 1-0: Swinging Strike 1-1: Called Strike 1-2: Foul Ball, location: 2F 1-2: Foul Ball, location: 2F 1-2: Ground out 5-3 (Groundball, 56, EV 76.9 MPH)
|
|
Batting: RHB Mike C Brown
|
0-0: Ball 1-0: Foul Ball, location: 2F 1-1: Foul Ball, location: 2F 1-2: Fly out, F6 (Flyball, 56D, EV 84.4 MPH)
|
|
Batting: SHB John Shelby
|
0-0: Called Strike 0-1: Ball 1-1: SOLO HOME RUN (Flyball, 7D, EV 96.3 MPH), Distance : 382 ft
|
|
Batting: SHB Ron Oester
|
0-0: Swinging Strike 0-1: Ball 1-1: Ball 2-1: SINGLE (Line Drive, 89S, EV 98.1 MPH)
|
|
Batting: RHB Rafael Santana
|
0-0: SINGLE (Line Drive, 8RS, EV 108.8 MPH) Ron Oester to second Runner from 2nd tries for 3rd, SAFE, no throw by CF
|
|
Batting: RHB Dan Gladden
|
0-0: Called Strike 0-1: Ball 1-1: Foul Ball, location: 2F 1-2: Ball 2-2: Foul Ball, location: 2F 2-2: Fielders Choice at 2nd, 6-4 (Groundball, 6, EV 110.0 MPH)
|
| Top of the 6th over - 1 run, 3 hits, 0 errors, 2 left on base; Pittsburgh 4 - St. Louis 1 |
| BOTTOM OF THE 6TH |
|
St. Louis Cardinals batting - Pitching for Pittsburgh Pirates : RHP Rafael Santana
|
|
Batting: LHB Mike Davis
|
0-0: Ball 1-0: Ball 2-0: Ball 3-0: Base on Balls
|
|
Pitching: RHP Mark Lemongello
|
|
|
Batting: RHB Bob Watson
|
0-0: Called Strike Mike Davis steals 2nd base 0-1: 2-RUN HOME RUN (Flyball, 7D, EV 102.5 MPH), Distance : 367 ft
|
|
Batting: SHB Billy E Smith
|
0-0: Ball 1-0: SINGLE (Groundball, 34D, EV 101.3 MPH)
|
|
Batting: RHB Ken Holtzman
|
0-0: Ball 1-0: Ball 2-0: Sac Bunt to 15 - play at first, batter OUT! 1-4 Billy E Smith to second
|
|
Batting: SHB Otis Nixon
|
0-0: SINGLE (Groundball, 4D, EV 94.4 MPH) Billy E Smith to third Runner from 3rd tries for Home, SAFE, throw by CF to home
|
|
Batting: LHB Jim Gantner
|
0-0: Ball Wild Pitch! Otis Nixon to second 1-0: Intentional Walk
|
|
Batting: RHB Sixto Lezcano
|
0-0: Ball 1-0: Fly out, F9 (Flyball, 89D, EV 100.6 MPH) Runner from 2nd tags up, SAFE at 3rd, no throw by RF
|
|
Batting: LHB Pat Putnam
|
0-0: Ball 1-0: SINGLE (Line Drive, 9LS, EV 102.5 MPH) Otis Nixon scores Jim Gantner to second Runner from 2nd tries for 3rd, SAFE, no throw by RF
|
|
Batting: RHB Joe Torre
|
0-0: Ball 1-0: Swinging Strike 1-1: Ball 2-1: TRIPLE (Line Drive, 78XD, EV 105.6 MPH) Jim Gantner scores Pat Putnam scores
|
|
Pitching: RHP Robert Alexander
|
|
|
Batting: LHB Mike Davis
|
0-0: Foul Ball, location: 2F 0-1: Ball 1-1: Swinging Strike 1-2: Strikes out looking
|
| Bottom of the 6th over - 6 runs, 5 hits, 0 errors, 1 left on base; Pittsburgh 4 - St. Louis 7 |
| TOP OF THE 7TH |
|
Pittsburgh Pirates batting - Pitching for St. Louis Cardinals : LHP Ken Holtzman
|
|
Batting: SHB Chili Davis
|
0-0: Called Strike 0-1: Foul Ball, location: 2F 0-2: Foul Ball, location: 2F 0-2: Strikes out looking
|
|
Batting: RHB Rennie Stennett
|
0-0: SINGLE (Groundball, 34D, EV 108.1 MPH)
|
|
Batting: LHB Robert Lopez
|
0-0: Ball 1-0: Fly out, F7 (Flyball, 78S, EV 90.0 MPH)
|
|
Batting: LHB Greg Walker
|
0-0: Ball 1-0: Ball 2-0: Ball 3-0: Base on Balls Rennie Stennett to second
|
|
Batting: RHB Mike C Brown
|
0-0: Ball Wild Pitch! Rennie Stennett to third Greg Walker to second 1-0: Ball 2-0: Ground out U3 (Groundball, 34, EV 77.5 MPH)
|
| Top of the 7th over - 0 runs, 1 hit, 0 errors, 2 left on base; Pittsburgh 4 - St. Louis 7 |
| BOTTOM OF THE 7TH |
|
St. Louis Cardinals batting - Pitching for Pittsburgh Pirates : RHP Robert Alexander
|
|
Batting: RHB Bob Watson
|
0-0: Called Strike 0-1: Ball 1-1: Fly out, F8 (Flyball, 78M, EV 96.3 MPH)
|
|
Batting: SHB Billy E Smith
|
0-0: Ball 1-0: Ball 2-0: Foul Ball, location: 2F 2-1: Ball 3-1: Base on Balls
|
|
Batting: RHB Ken Holtzman
|
0-0: Ball 1-0: Called Strike Billy E Smith is caught stealing 2nd base 2-4 1-1: Ground out 5-3 (Groundball, 5, EV 77.5 MPH)
|
| Bottom of the 7th over - 0 runs, 0 hits, 0 errors, 0 left on base; Pittsburgh 4 - St. Louis 7 |
| TOP OF THE 8TH |
|
Pittsburgh Pirates batting - Pitching for St. Louis Cardinals : LHP Ken Holtzman
|
|
Batting: SHB John Shelby
|
0-0: Ground out 6-3 (Groundball, 4M, EV 105.6 MPH)
|
|
Batting: SHB Ron Oester
|
0-0: Fly out, F9 (Flyball, 89D, EV 101.3 MPH)
|
|
Pinch Hitting: LHB Terry Whitfield
|
0-0: Ground out 6-3 (Groundball, 56D, EV 95.0 MPH)
|
| Top of the 8th over - 0 runs, 0 hits, 0 errors, 0 left on base; Pittsburgh 4 - St. Louis 7 |
| BOTTOM OF THE 8TH |
|
St. Louis Cardinals batting - Pitching for Pittsburgh Pirates : RHP Robert Alexander
|
|
Pitching: RHP Scott Lyman
|
|
|
Batting: SHB Otis Nixon
|
0-0: Called Strike 0-1: Ball 1-1: Ground out 4-3 (Groundball, 4, EV 82.5 MPH)
|
|
Batting: LHB Jim Gantner
|
0-0: Called Strike 0-1: Ball 1-1: Ball 2-1: Ball 3-1: Foul Ball, location: 2F 3-2: Base on Balls
|
|
Batting: RHB Sixto Lezcano
|
0-0: Called Strike 0-1: SINGLE (Groundball, 56D, EV 93.8 MPH) Jim Gantner to second
|
|
Batting: LHB Pat Putnam
|
0-0: Called Strike Jim Gantner steals 3rd base 0-1: Ball 1-1: Ball 2-1: Ground out U3 (Groundball, 13, EV 88.1 MPH) Sixto Lezcano to second
|
|
Batting: RHB Joe Torre
|
0-0: Called Strike 0-1: Swinging Strike 0-2: Ball 1-2: Strikes out looking
|
| Bottom of the 8th over - 0 runs, 1 hit, 0 errors, 2 left on base; Pittsburgh 4 - St. Louis 7 |
| TOP OF THE 9TH |
|
Pittsburgh Pirates batting - Pitching for St. Louis Cardinals : LHP Ken Holtzman
|
|
Batting: RHB Dan Gladden
|
0-0: Ball 1-0: Called Strike 1-1: Ball 2-1: Ball 3-1: SINGLE (Flyball, 5D, EV 84.4 MPH)
|
|
Batting: SHB Chili Davis
|
0-0: Foul Ball, location: 2F 0-1: Ball 1-1: Ball 2-1: 2-RUN HOME RUN (Flyball, 7D, EV 105.6 MPH), Distance : 412 ft
|
|
Pitching: RHP Larry Andersen
|
|
|
Now at 2B: Steve Lubratich
|
|
|
Now in LF: Mookie Wilson
|
|
|
Batting: RHB Rennie Stennett
|
0-0: Ball 1-0: SINGLE (Groundball, 6MD, EV 98.1 MPH)
|
|
Batting: LHB Robert Lopez
|
0-0: Called Strike 0-1: Ball 1-1: Ball 2-1: Foul Ball, location: 2F 2-2: Strikes out swinging
|
|
Batting: LHB Greg Walker
|
0-0: Called Strike 0-1: Ball 1-1: Ball 2-1: SINGLE (Groundball, 4MD, EV 94.4 MPH) Rennie Stennett to second Runner from 2nd tries for 3rd, SAFE, throw by CF made to third
|
|
Batting: RHB Mike C Brown
|
0-0: Swinging Strike 0-1: Ball 1-1: Ground out U3 (Groundball, 34S, EV 80.6 MPH) Greg Walker to second
|
|
Batting: SHB John Shelby
|
0-0: Ground out 5-3 (Groundball, 56, EV 85.6 MPH)
|
| Top of the 9th over - 2 runs, 4 hits, 0 errors, 2 left on base; Pittsburgh 6 - St. Louis 7 |
|